 Dungeon Crawl Stone Soup version 0.17-a0-1181-gabc46e6 (webtiles) character file.

10652 SWAGNEMITE the Covert (level 11, -7/94 HPs)
             Began as a Naga Enchanter on May 31, 2015.
             Was an Elder of Cheibriados.
             Mangled by an eight-headed hydra (10 damage)
             ... on level 1 of the Lair of Beasts.
             The game lasted 00:48:27 (12225 turns).

SWAGNEMITE the Covert (Naga Enchanter)             Turns: 12225, Time: 00:48:27

Health: -7/94      AC:  6    Str: 21    XL:     11   Next: 65%
Magic:  5/17       EV: 12    Int: 28    God:    Cheibriados [****..]
Gold:   697        SH:  7    Dex: 22    Spells: 8 memorised, 0 levels left

rFire  + . .     SeeInvis +     b - +2 dagger (pierce)
rCold  . . .     Clarity  .     t - +0 robe {rF+}
rNeg   . . .     SustAt   .     n - +1 buckler
rPois  +         Gourm    .     (helmet restricted)
rElec  .         Spirit   .     (no cloak)
rCorr  .         Warding  .     (no gloves)
rMut   .         Stasis   .     (no barding)
MR     +....                    (no amulet)
Stlth  ++++++....               (no ring)
                                (no ring)

@: very slow, somewhat resistant to hostile enchantments, very stealthy
A: horns 1, thin metallic scales 1, see invisible, deformed body, low mp 1,
poison resistance, slowness 2, slow metabolism 1, spit poison 2, AC +3
a: Spit Poison, Bend Time, Temporal Distortion, Slouch, Renounce Religion


You were on level 1 of the Lair of Beasts.
You worshipped Cheibriados.
Cheibriados was greatly pleased with you.
You were not hungry.

You visited 2 branches of the dungeon, and saw 12 of its levels.

You collected 697 gold pieces.

Inventory:

Hand weapons
 b - a +2 dagger of piercing (weapon)
   (You took it off an orc wizard on level 9 of the Dungeon)
 m - a +0 blowgun
   (You took it off a kobold on level 4 of the Dungeon)
Missiles
 o - 2 curare-tipped needles
Armour
 n - a +1 buckler (worn)
   (You found it on level 3 of the Dungeon)
 t - a +0 robe of fire resistance (worn)
   (You found it on level 11 of the Dungeon)
 x - a +1 robe
Magical staves
 a - an uncursed staff of power {MP+17, !a}
   (You found it on level 10 of the Dungeon)
Magical devices
 y - a wand of lightning (15)
   (You found it on level 6 of the Dungeon)
 C - a wand of polymorph (6)
   (You found it on level 10 of the Dungeon)
 F - a wand of lightning (6)
   (You took it off Joseph on level 10 of the Dungeon)
Scrolls
 g - 2 scrolls of immolation {!r}
 k - 4 scrolls of teleportation
 p - a scroll of acquirement {unknown}
 s - 2 scrolls of enchant armour
 u - 4 scrolls of identify
 v - 3 scrolls of enchant weapon
 z - a scroll of summoning {unknown}
 A - 3 scrolls of remove curse
Potions
 e - 2 potions of curing
 f - a potion of ambrosia {!q}
 h - a potion of cure mutation {!q}
 i - a potion of cancellation
 j - a potion of brilliance
 q - 2 potions of lignification {!q}
 r - a potion of might
 w - a potion of invisibility
 G - 3 potions of heal wounds
Books
 c - a book of Maledictions
 D - a book of Geomancy
   (You found it on level 7 of the Dungeon)
Miscellaneous
 E - a phial of floods
   (You found it on level 11 of the Dungeon)
Comestibles
 d - 11 bread rations {@e1}
 l - 4 royal jellies
 B - 7 beef jerkies


   Skills:
 + Level 5.0 Fighting
 * Level 7.6 Short Blades
 + Level 1.7 Armour
 + Level 3.0 Dodging
 * Level 12.4 Stealth
 - Level 5.2 Shields
 * Level 5.4 Spellcasting
 + Level 3.2 Conjurations
 - Level 7.0 Hexes
 + Level 2.6 Earth Magic
 * Level 6.5 Invocations


You couldn't memorise any spells.
You knew the following spells:

 Your Spells              Type           Power        Failure   Level  Hunger
a - Ensorcelled Hibernat  Hex/Ice        ####..       2%          2    None
b - Tukima's Dance        Hex            #####...     1%          3    None
c - Confuse               Hex            #####...     1%          3    None
d - Dazzling Spray        Conj/Hex       #####...     1%          3    None
s - Stoneskin             Trmt/Erth      ##......     8%          2    None
v - Corona                Hex            #####..      1%          1    None
w - Passwall              Trmt/Erth      ##........   12%         3    None
x - Stone Arrow           Conj/Erth      ###...       8%          3    None


Dungeon Overview and Level Annotations

Branches:
Dungeon (11/15)            Temple (0/1) D:4            Lair (1/8) D:8
    Orc: D:9-12

Altars:
Cheibriados
Elyvilon
Fedhas
Gozag
Sif Muna
Trog
The Shining One

Shops:
D:7 [   D:10 }

Annotations:
Lair:1 exclusion: hydra


Innate Abilities, Weirdness & Mutations

You cannot wear boots.
Your serpentine skin is tough (AC +3).
You have supernaturally acute eyesight.
Armour fits poorly on your strangely shaped body.
Your system is resistant to poisons.
You cover ground very slowly.
You have a slow metabolism.
You can spit poison.
You have a pair of small horns on your head.
You are partially covered in thin metallic scales (AC +2).
Your magical capacity is low (-10% MP).


Message History

You feel a bit more experienced.
Cheibriados appreciates the change of pace.
You feel a bit more experienced.
Health restored: 93
Found a stone staircase leading down.
A yak comes into view.
A yak comes into view.
The yak bellows! x3
You hit the yak but do no damage. You hit the yak.
You headbutt the yak, but do no damage. The yak barely misses you.
You completely miss the yak. You headbutt the yak, but do no damage.
The yak misses you. You block the yak's attack.
You hit the yak but do no damage. You hit the yak but do no damage.
You headbutt the yak. The yak barely misses you. The yak gores you.
You take 6 damage, and have 87/93 hp.
You barely miss the yak. Your headbutt misses the yak. The yak gores you!
You take 11 damage, and have 76/93 hp.
Unknown command.
Aim: a yak (chance to defeat MR: 71%)
The yak appears confused.
You block the yak's attack. The yak gores you!
You take 8 damage, and have 68/93 hp.
You now have 14/17 mp.
The yak appears confused.
You block the yak's attack.
You now have 11/17 mp.
Really slither into a travel-excluded area?
Okay, then.
You block the yak's attack. The yak gores you!
The yak gores you but does no damage.
You take 13 damage, and have 55/93 hp.
You hit the yak. You headbutt the yak, but do no damage.
You block the yak's attack.
You hit the yak. You headbutt the yak, but do no damage. You hit the yak.
You kill the yak!
Cheibriados appreciates the change of pace.
The yak gores something!!
Aim: an eight-headed hydra (lightly wounded, hasn't noticed you, chance to defeat MR: 36%)
The eight-headed hydra easily resists.
You now have 11/17 mp.
Aim: an eight-headed hydra (lightly wounded, chance to defeat MR: 36%)
The eight-headed hydra easily resists.
You now have 8/17 mp.
Aim: an eight-headed hydra (lightly wounded, chance to defeat MR: 36%)
The eight-headed hydra easily resists.
You now have 5/17 mp.
Aim: an eight-headed hydra (lightly wounded, chance to defeat MR: 36%)
The eight-headed hydra appears confused.
You now have 2/17 mp.
The eight-headed hydra bites something but does no damage.
The eight-headed hydra bites something!!
The eight-headed hydra bites something!
The eight-headed hydra bites something but does no damage. x2
The eight-headed hydra bites something!
Cheibriados thoroughly appreciates the change of pace.
You feel a bit more experienced.
Cheibriados thoroughly appreciates the change of pace.
Your Fighting skill increases to level 5!
You feel a bit more experienced.
You start resting.
You regained 13 hp, and now have 77/94 hp.
You regained 8 mp, and now have 13/17 mp.
Aim: an eight-headed hydra (hasn't noticed you, chance to defeat MR: 36%)
The eight-headed hydra roars!
The eight-headed hydra easily resists.
You now have 10/17 mp.
Aim: an eight-headed hydra (chance to defeat MR: 36%)
The eight-headed hydra easily resists.
The eight-headed hydra bites you!
The eight-headed hydra barely misses you.
The eight-headed hydra bites you!
The eight-headed hydra barely misses you.
The eight-headed hydra bites you but does no damage. x2
The eight-headed hydra misses you. The eight-headed hydra bites you!
You take 26 damage, and have 52/94 hp.
MASSIVE DAMAGE!!
You now have 7/17 mp.
Aim: an eight-headed hydra (chance to defeat MR: 36%)
The eight-headed hydra easily resists.
The eight-headed hydra bites you! The eight-headed hydra bites you! x2
* * * LOW HITPOINT WARNING * * *
The eight-headed hydra misses you. The eight-headed hydra bites you!
* * * LOW HITPOINT WARNING * * *
The eight-headed hydra bites you.
* * * LOW HITPOINT WARNING * * *
The eight-headed hydra closely misses you.
The eight-headed hydra bites you.
* * * LOW HITPOINT WARNING * * *
You take 45 damage, and have 7/94 hp.
MASSIVE DAMAGE!!
You now have 4/17 mp.
Aim: an eight-headed hydra (chance to defeat MR: 36%)
The eight-headed hydra appears confused.
You now have 1/17 mp.
The eight-headed hydra bites the fungus! x3
The eight-headed hydra bites the fungus. x2
The fungus is destroyed!
The eight-headed hydra bites you!
* * * LOW HITPOINT WARNING * * *
The eight-headed hydra bites you!
You die...

##.####÷..#...#.# ##
##..#...#.# #...##.P..#
##........#######
#########...............
†...................>...
........................
........................
................@.......
P###.########.#D#####.#.
## ### #####


You could see an eight-headed hydra (confused).

Vanquished Creatures
  Joseph (D:10)
  A black mamba (Lair:1)
  Psyche (D:11)
  A komodo dragon (Lair:1)
  Prince Ribbit (D:5)
  3 slime creatures (D:11)
  2 hungry ghosts
  2 hippogriffs (Lair:1)
  12 yaks
  A steam dragon (D:11)
  3 sky beasts
  Duvessa (D:6)
  A porcupine (Lair:1)
  3 orc warriors
  5 ogres
  3 ice beasts
  2 black bears
  2 crocodiles
  5 centaurs
  2 phantoms
  2 big kobolds
  5 giant frogs
  Dowan (D:6)
  14 killer bees
  2 scorpions
  A wight (D:10)
  8 crimson imps
  3 centaur zombies
  10 orc wizards
  A giant frog zombie (D:5)
  5 hounds
  3 jellies
  7 orc priests
  A quasit (D:8)
  A gnoll shaman (D:7)
  9 worker ants
  2 iguanas
  A hound zombie (D:8)
  A worker ant zombie (D:6)
  12 adders
  5 gnolls
  A river rat (D:8)
  An adder zombie (D:7)
  3 worms
  6 giant geckos
  45 orcs
  10 bats
  3 bat skeletons
  9 giant cockroaches
  14 goblins
  16 hobgoblins
  19 jackals
  3 quokkas
  2 ball pythons (D:3)
  A ball python skeleton (D:6)
  A giant cockroach zombie (D:5)
  3 giant newts
  25 kobolds
  A quokka skeleton (D:5)
  20 rats
  A fungus (Lair:1)
330 creatures vanquished.

Vanquished Creatures (collateral kills)
  A hill giant (D:11)
  2 deep elf magi
  A yak (D:11)
  Edmund (D:4)
  An orc warrior (D:11)
  An ogre (D:5)
  7 wights
  An orc priest (D:11)
  A hound skeleton (D:7)
  An orc (D:6)
  2 jackals (D:8)
19 creatures vanquished.

Vanquished Creatures (others)
  A fungus (D:8)
  A plant (Lair:1)
2 creatures vanquished.

Grand Total: 351 creatures vanquished

Notes
Turn   | Place    | Note
--------------------------------------------------------------
     0 | D:1      | SWAGNEMITE the Naga Enchanter began the quest for the Orb.
     0 | D:1      | Reached XP level 1. HP: 15/15 MP: 3/3
     6 | D:1      | Noticed a polar bear
     7 | D:1      | Noticed a water moccasin
    81 | D:1      | Found a glowing golden altar of the Shining One.
   380 | D:1      | Reached XP level 2. HP: 19/22 MP: 5/5
  1206 | D:2      | HP: 4/22 [adder (2)]
  1208 | D:2      | Reached skill level 5 in Stealth
  1208 | D:2      | Reached XP level 3. HP: 3/28 MP: 6/6
  1238 | D:2      | Gained mutation: You have a pair of small horns on your head. [potion of mutation]
  1288 | D:2      | Reached skill level 2 in Short Blades
  1532 | D:2      | Learned a level 2 spell: Ensorcelled Hibernation
  1536 | D:2      | Learned a level 3 spell: Confuse
  1565 | D:2      | Reached XP level 4. HP: 28/37 MP: 4/7
  2059 | D:2      | Reached skill level 2 in Dodging
  2257 | D:3      | Gained mutation: Your magical capacity is low (-10% MP). [potion of mutation]
  2257 | D:3      | Gained mutation: You are partially covered in thin metallic scales (AC +2). [potion of mutation]
  2477 | D:3      | Reached XP level 5. HP: 33/43 MP: 7/7
  2492 | D:3      | Reached skill level 6 in Stealth
  2978 | D:3      | Found a deep blue altar of Sif Muna.
  2995 | D:3      | Reached skill level 4 in Hexes
  3099 | D:3      | Found a snail-covered altar of Cheibriados.
  3100 | D:3      | Found a bloodstained altar of Trog.
  3189 | D:3      | Became a worshipper of Cheibriados the Contemplative
  3223 | D:3      | Reached XP level 6. HP: 50/50 MP: 8/8
  3253 | D:3      | Reached skill level 1 in Fighting
  3457 | D:4      | Found a staircase to the Ecumenical Temple.
  3699 | D:4      | Reached skill level 1 in Shields
  3764 | D:4      | Acquired Cheibriados's first power
  4027 | D:4      | Reached skill level 3 in Short Blades
  4222 | D:4      | Noticed Edmund
  4228 | D:4      | Learned a level 3 spell: Tukima's Dance
  4237 | D:4      | Killed Edmund
  4240 | D:4      | Reached skill level 7 in Stealth
  4240 | D:4      | Reached XP level 7. HP: 51/57 MP: 6/9
  4403 | D:5      | Entered Level 5 of the Dungeon
  4753 | D:5      | Reached skill level 5 in Hexes
  4771 | D:5      | Reached skill level 2 in Fighting
  4771 | D:5      | Reached skill level 4 in Short Blades
  4771 | D:5      | Reached skill level 2 in Shields
  4838 | D:5      | Reached skill level 8 in Stealth
  4838 | D:5      | Reached XP level 8. HP: 67/67 MP: 5/9
  4984 | D:5      | Noticed Prince Ribbit
  5008 | D:5      | Killed Prince Ribbit
  5021 | D:5      | Reached skill level 3 in Shields
  5271 | D:5      | Reached skill level 6 in Hexes
  5441 | D:6      | HP: 17/68 [orc/club (8)]
  5447 | D:6      | Reached skill level 5 in Short Blades
  5604 | D:5      | Reached skill level 9 in Stealth
  5743 | D:6      | Noticed Duvessa
  5902 | D:6      | Reached skill level 1 in Invocations
  6039 | D:6      | Reached skill level 3 in Fighting
  6039 | D:6      | Reached XP level 9. HP: 73/75 MP: 7/10
  6053 | D:6      | Acquired Cheibriados's second power
  6111 | D:7      | Found Pofiugoe's Armour Shop.
  6265 | D:7      | Reached skill level 2 in Invocations
  6410 | D:7      | Reached skill level 4 in Shields
  6703 | D:6      | Noticed Dowan
  6711 | D:6      | Killed Dowan
  6722 | D:6      | Killed Duvessa
  6722 | D:6      | Acquired Cheibriados's third power
  7120 | D:6      | Reached skill level 3 in Invocations
  7158 | D:6      | HP: 17/76 [orc warrior (10)]
  7466 | D:6      | Reached skill level 10 in Stealth
  7992 | D:7      | Acquired Cheibriados's fourth power
  8086 | D:7      | Reached skill level 7 in Hexes
  8193 | D:7      | Learned a level 3 spell: Dazzling Spray
  8294 | D:7      | Reached skill level 6 in Short Blades
  8607 | D:8      | Found a staircase to the Lair.
  8652 | D:8      | Reached skill level 1 in Conjurations
  8655 | D:8      | Reached skill level 4 in Invocations
  8655 | D:8      | Reached XP level 10. HP: 85/85 MP: 10/12
  8803 | D:8      | Reached skill level 3 in Spellcasting
  8944 | D:8      | Found a blossoming altar of Fedhas.
  9056 | D:8      | Reached skill level 4 in Fighting
  9532 | D:9      | Found a glowing golden altar of the Shining One.
  9752 | D:9      | Found a white marble altar of Elyvilon.
  9803 | D:9      | Reached skill level 11 in Stealth
  9848 | D:9      | Found an opulent altar of Gozag.
 10017 | D:9      | Learned a level 2 spell: Stoneskin
 10092 | D:10     | Entered Level 10 of the Dungeon
 10133 | D:10     | Reached skill level 5 in Shields
 10152 | D:10     | Reached skill level 5 in Invocations
 10186 | D:10     | Noticed Joseph
 10238 | D:10     | Found Meutey's Gadget Shoppe.
 10258 | D:10     | Reached skill level 2 in Conjurations
 10326 | D:10     | Reached skill level 1 in Earth Magic
 10672 | D:10     | Found a blossoming altar of Fedhas.
 10698 | D:10     | Reached skill level 4 in Spellcasting
 10703 | D:10     | Got a transparent long sword
 10704 | D:10     | Identified the +5 long sword "Tusoe" {freeze, SInv} (You found it on level 10 of the Dungeon)
 10741 | D:10     | Killed Joseph
 10783 | D:11     | Noticed Psyche
 10788 | D:11     | Killed Psyche
 10929 | D:11     | Reached skill level 7 in Short Blades
 10929 | D:11     | Reached XP level 11. HP: 75/93 MP: 15/15
 11005 | D:11     | Noticed a six-headed hydra
 11016 | D:11     | Learned a level 3 spell: Stone Arrow
 11111 | D:11     | Reached skill level 12 in Stealth
 11117 | D:11     | Reached skill level 1 in Armour
 11118 | D:11     | Reached skill level 2 in Earth Magic
 11120 | D:11     | Reached skill level 3 in Conjurations
 11252 | D:11     | Reached skill level 6 in Invocations
 11283 | D:11     | Noticed a hill giant
 11290 | D:11     | Killed a hill giant
 11807 | Lair:1   | Entered Level 1 of the Lair of Beasts
 11821 | Lair:1   | Reached skill level 5 in Spellcasting
 11822 | Lair:1   | Reached skill level 3 in Dodging
 11993 | Lair:1   | Noticed an eight-headed hydra
 12013 | Lair:1   | Learned a level 3 spell: Passwall
 12156 | Lair:1   | Reached skill level 5 in Fighting
 12213 | Lair:1   | HP: 23/94 [eight-headed hydra (11)]
 12213 | Lair:1   | HP: 7/94 [eight-headed hydra (6)]
 12225 | Lair:1   | HP: 3/94 [eight-headed hydra (11)]
 12225 | Lair:1   | Mangled by an eight-headed hydra

Vault maps used:
D:1:      onia_arrival_zoo_common, serial_aquarium,
          aquarium_bridge_long_separate, aquarium_bridge_straight,
          aquarium_window_1, aquarium_window_corner, aquarium_window_1,
          aquarium_window_fake, aquarium_view_2b, aquarium_pool_five,
          tso_metal_star
D:3:      led_sif_book, gammafunk_temple_overflow_statue
D:4:      minmay_temple_entry_statues_fountains, first_bread, uniq_edmund
D:5:      uniq_prince_ribbit1
D:6:      grunt_ministairs_13, uniq_duvessa
D:7:      serial_shops, nicolae_shop_crystal, grunt_ogre_cave
D:8:      old_standard_altar, due_lair_maze_entry_diamond
D:9:      nicolae_gozag_seed_capital, elyvilon_altar_5,
          lemuel_coloured_pillars_altar, enter_bailey_7
D:10:     serial_shops, nicolae_shop_waterfront, basic_altar, uniq_joseph
D:11:     uniq_psyche
Lair:1:   dpeg_oklob_gauntlet

Action                   |  1- 3 |  4- 6 |  7- 9 | 10-12 || total
-------------------------+-------+-------+-------+-------++-------
Melee: Dagger            |    51 |    36 |   377 |   308 ||   772
       Whip              |    44 |   155 |       |       ||   199
       Long sword        |       |       |       |     7 ||     7
       Staff             |       |       |       |     1 ||     1
 Cast: Ensorcelled Hiber |     1 |     1 |    35 |    22 ||    59
       Confuse           |       |     1 |     9 |    26 ||    36
       Tukima's Dance    |       |     1 |     7 |    14 ||    22
       Dazzling Spray    |       |       |       |     3 ||     3
Invok: Bend Time         |       |       |     2 |       ||     2
       Slouch            |       |       |       |     4 ||     4
 Abil: Spit Poison       |     3 |     5 |     7 |     4 ||    19
  Use: Potion            |     5 |     1 |     2 |       ||     8
       Scroll            |     4 |     3 |     6 |    11 ||    24
 Stab: Sleeping          |     4 |    14 |    34 |    33 ||    85
       Confused          |       |       |     4 |     1 ||     5
       Distracted        |       |       |     4 |     2 ||     6
       Invisible         |       |       |       |     1 ||     1
  Eat: Chunk             |     1 |     4 |     2 |     5 ||    12
       Meat ration       |       |     1 |     2 |       ||     3
       Pizza             |       |       |     1 |       ||     1
       Fruit             |       |       |       |     7 ||     7

Vault maps used:
D:1:      onia_arrival_zoo_common, serial_aquarium,
          aquarium_bridge_long_separate, aquarium_bridge_straight,
          aquarium_window_1, aquarium_window_corner, aquarium_window_1,
          aquarium_window_fake, aquarium_view_2b, aquarium_pool_five,
          tso_metal_star
D:3:      led_sif_book, gammafunk_temple_overflow_statue
D:4:      minmay_temple_entry_statues_fountains, first_bread, uniq_edmund
D:5:      uniq_prince_ribbit1
D:6:      grunt_ministairs_13, uniq_duvessa
D:7:      serial_shops, nicolae_shop_crystal, grunt_ogre_cave
D:8:      old_standard_altar, due_lair_maze_entry_diamond
D:9:      nicolae_gozag_seed_capital, elyvilon_altar_5,
          lemuel_coloured_pillars_altar, enter_bailey_7
D:10:     serial_shops, nicolae_shop_waterfront, basic_altar, uniq_joseph
D:11:     uniq_psyche
Lair:1:   dpeg_oklob_gauntlet

Table legend:
 A = Turns spent in this place as a percentage of turns spent in the entire game.
 B = Non-inter-level travel turns spent in this place as a percentage of non-inter-level travel turns spent in the entire game.
 C = Inter-level travel turns spent in this place as a percentage of turns spent in this place.
 D = Turns resting spent in this place as a percentage of non-inter-level travel turns spent in this place.
 E = Turns spent auto-exploring this place as a percentage of non-inter-level travel turns spent in this place.
 F = Non-inter-level travel turns spent in this place divided by the number of levels of this place that you've seen.
                   A       B       C       D       E      F
               +-------+-------+-------+-------+-------+----------------------
         Total | 100.0 | 100.0 |   0.5 |   2.2 |  10.0 | 308.1
       Dungeon |  95.9 |  95.9 |   0.5 |   2.1 |  10.2 | 322.2
          Lair |   4.1 |   4.1 |   0.0 |   3.9 |   5.9 | 153.0
               +-------+-------+-------+-------+-------+----------------------

Table legend:
 A = Kills in this place as a percentage of kills in entire the game.
 B = Kills by you in this place as a percentage of kills by you in the entire game.
 C = Kills by friends in this place as a percentage of kills by friends in the entire game.
 D = Other kills in this place as a percentage of other kills in the entire game.
 E = Experience gained in this place as a percentage of experience gained in the entire game.
 F = Experience gained in this place divided by the number of levels of this place that you have seen.
                   A       B       C       D       E      F
               +-------+-------+-------+-------+-------+----------------------
         Total | 100.0 | 100.0 | 100.0 | 100.0 | 100.0 | 1268.2
       Dungeon |  95.1 |  96.6 | 100.0 |  14.3 |  81.2 | 1122.8
          Lair |   4.9 |   3.4 |   0.0 |  85.7 |  18.8 | 2867.0
               +-------+-------+-------+-------+-------+----------------------
